 Dungeon Crawl Stone Soup version 0.27.0-1-g7a089689b8 (webtiles) character file.

Game seed: 209190409120611787

30 Malachi the Skirmisher (level 3, 31/31 HPs)
             Began as a Palentonga Fighter on Aug 15, 2021.
             Was a Follower of Nemelex Xobeh.
             Got out of the dungeon alive.
             The game lasted 00:00:48 (1157 turns).

Malachi the Skirmisher (Palentonga Fighter)         Turns: 1157, Time: 00:00:49

Health: 31/31      AC:  6    Str: 20    XL:     3   Next: 3%
Magic:  3/3        EV:  5    Int:  8    God:    Nemelex Xobeh [*.....]
Gold:   26         SH:  8    Dex:  9    Spells: 2/2 levels left

rFire    . . .     SeeInvis +   a - +0 war axe
rCold    . . .     Faith    .   c - +0 kite shield
rNeg     . . .     Spirit   .   b - +0 scale mail
rPois    .         Reflect  .   (no helmet)
rElec    .         Harm     .   (no cloak)
rCorr    .         Rampage  .   (no gloves)
Will     .....                  (no barding)
Stlth    ..........             (no amulet)
HPRegen  0.10/turn              (no ring)
MPRegen  0.08/turn              (no ring)

@: no status effects
A: large, rugged brown scales 3, see invisible, deformed body, roll 1, armoured
tail
a: Rolling Charge, Renounce Religion, Draw Escape, Draw Destruction, Draw
Summoning


You escaped.
You worshipped Nemelex Xobeh.
Nemelex Xobeh was aware of your devotion.
You visited 1 branch of the dungeon, and saw 1 of its levels.

You collected 26 gold pieces.

Inventory:

Hand Weapons
 a - a +0 war axe (weapon)
Armour
 b - a +0 scale mail (worn)
 c - a +0 kite shield (worn)
Potions
 d - a potion of might
 e - a potion of lignification {unknown}
 f - a potion of invisibility {unknown}


   Skills:
 + Level 3.2 Fighting
 + Level 2.3 Axes
 + Level 2.7 Armour
 + Level 2.8 Shields


You had 2 spell levels left.
You didn't know any spells.
Your spell library was empty.

Dungeon Overview and Level Annotations

Branches:
Dungeon (1/15)

Altars:
Nemelex Xobeh


Innate Abilities, Weirdness & Mutations

You are completely covered in rugged brown scales. (AC +3, +7% HP)
You have supernaturally acute eyesight. (SInv)
Armour fits poorly on your strangely shaped body.
You can roll at nearby foes to attack.
You have a long armoured tail.


Message History

You hit the goblin.
You kill the goblin!
You have reached level 3!
Your experience leads to an increase in your attributes!
Increase (S)trength, (I)ntelligence, or (D)exterity?
You feel stronger.
You hit the goblin.
The goblin is heavily wounded.
The goblin hits you but does no damage. x2
You closely miss the goblin.
The goblin is heavily wounded.
The goblin hits you but does no damage.
You closely miss the goblin.
The goblin is heavily wounded.
The goblin hits you but does no damage. x2
You miss the goblin.
The goblin is heavily wounded.
The goblin hits you with a +0 club.
You slash the goblin!
You kill the goblin!
No target in view!
No target in view!
Things that are here:
a +0 club; a +0 dagger
f - a fuming yellow potion
Things that are here:
a +0 club; a +0 dagger
There is a sparkling altar of Nemelex Xobeh here.
You see here a quokka skeleton.
Done exploring.
Done exploring.
Done exploring.
Done exploring.
There is a staircase leading out of the dungeon here.
Unknown command.
There is a staircase leading out of the dungeon here.
Are you sure you want to leave the Dungeon?
This will make you lose the game! [Y]es or [N]o only, please.
Are you sure you want to leave the Dungeon?
This will make you lose the game!
You have escaped!

.....#...#.#.#.#.#.#.#.#.....#.#
.......##...............##...#.#
.....###..........#......#...#.#
.....####.......#..[....##...#.#
#......#......#....#.....#...#.#
#..#...##...#...........##...#.#
.....###..#...#.#.#.#....#...#.#
#.##.# ##...............##...#.##
...#.###...#..#.@.#..#...#####.##
._.....##...............## #.##
.÷.#...#....#.#.#.#...#..# #.##
#.##.####...........#...## #..#
.....# #.....#....#......# ##.#
#....# ##.......#.......## #.#
#..÷.# #......#..........# #.#
.(..#####...............#### #.#
....##...#.#.#.#.#.#.#.#...# ##.#


There were no monsters in sight!

Vanquished Creatures
  3 endoplasms (D:1)
  2 giant cockroaches (D:1)
  3 hobgoblins (D:1)
  4 quokkas (D:1)
  4 ball pythons (D:1)
  6 goblins (D:1)
  2 kobolds (D:1)
  3 rats (D:1)
27 creatures vanquished.

Notes
Turn   | Place    | Note
-------+----------+-------------------------------------------
     0 | D:1      | Malachi the Palentonga Fighter began the quest for the Orb.
     0 | D:1      | Reached XP level 1. HP: 19/19 MP: 1/1
   269 | D:1      | Reached XP level 2. HP: 18/25 MP: 2/2
   826 | D:1      | Found a faded altar of an unknown god.
   886 | D:1      | Became a worshipper of Nemelex Xobeh the Trickster
   886 | D:1      | Reached * piety under Nemelex Xobeh
  1002 | D:1      | Reached XP level 3. HP: 31/31 MP: 3/3
  1157 | D:$      | Got out of the dungeon alive.

Illustrated notes

Levels and vault maps discovered:
D:1:      co_arrival_square_in_a_square_in_a_square, layout_rooms,
          serial_co_window_serial, co_window_paths_a,
          co_window_of_opportunity_a, co_window_corner_a, co_window_paths_a,
          co_window_paths_b, co_window_of_opportunity_a,
          co_window_of_opportunity_a, co_window_broadway_b, co_window_corner_b,
          co_window_of_opportunity_b, co_window_of_opportunity_b,
          glass_columns_a, glass_columns_b, glass_columns_a, glass_columns_b,
          glass_columns_c, ebering_ecumenical_altar_box

Action                   || total
-------------------------++-------
Melee: War axe           ||    76
       Tailslap          ||     5
Armor: Scale mail        ||    51
Dodge: Dodged            ||    19
Block: Kite shield       ||    38
